 Dungeon Crawl Stone Soup version 0.15.2 (webtiles) character file.

571 Heini the Skirmisher (level 7, 0/66 HPs)
             Began as a Minotaur Fighter on Feb 21, 2015.
             Killed from afar by an orc wizard (5 damage)
             ... with a magic dart
             ... on Level 3 of the Dungeon.
             The game lasted 00:08:28 (2193 turns).

Heini the Skirmisher (Minotaur Fighter)             Turns: 2193, Time: 00:08:28

HP   0/66        AC  8     Str 22      XL: 7   Next: 11%
MP   2/2         EV  7     Int  5      God:
Gold 115         SH 12     Dex 10      Spells:  0 memorised,  6 levels left

rFire  . . .     SeeInvis .     a - +1 flail
rCold  . . .     Clarity  .     b - +0 scale mail
rNeg   . . .     rCorr    .     m - +3 shield
rPois  .         rRot     .     (helmet restricted)
rElec  .         Spirit   .     j - +0 cloak
SustAb .         Warding  .     (no gloves)
rMut   .         Stasis   .     (no boots)
Gourm  .                        (no amulet)
MR     .....                    (no ring)
                                (no ring)

@: not resistant to hostile enchantments, extremely unstealthy
A: retaliatory headbutt, horns 2, deterioration 1, low mp 1, wild magic 1
a: no special abilities


You were on level 3 of the Dungeon.
You were not hungry.

You visited 1 branch of the dungeon, and saw 4 of its levels.

You collected 115 gold pieces.

Inventory:

Hand weapons
 a - a +1 flail (weapon)
Armour
 b - a +0 scale mail (worn)
 j - a +0 cloak (worn)
 m - a +3 shield (worn)
Magical devices
 k - a wand of enslavement (14) {unknown}
Comestibles
 d - 3 bread rations
 h - a rotting chunk of goblin flesh
 i - a meat ration
Scrolls
 c - a scroll of teleportation
Potions
 e - a potion of might
 f - 2 potions of haste
 g - a potion of flight
Books
 n - a book of the Sky

   Spells                             Type                      Level
   Flight                             Charms/Air                   3
   Airstrike                          Air                          4
   Silence                            Hexes/Air                    5
   Deflect Missiles                   Charms/Air                   6
   Conjure Ball Lightning             Conjuration/Air              6
   Tornado                            Air                          9


   Skills:
 * Level 7.0 Fighting
 * Level 5.9 Maces & Flails
 + Level 5.5 Armour
 - Level 3.6 Shields


You had 6 spell levels left.
You didn't know any spells.

Dungeon Overview and Level Annotations

Branches:
Dungeon (4/15)
 Temple: D:4-7

Altars:


Innate Abilities, Weirdness & Mutations

You reflexively headbutt those who attack you in melee.
You have a pair of horns on your head.
Your body is slowly deteriorating.
Your magical capacity is low (-10% MP).
Your spells are a little harder to cast, but a little more powerful.


Message History

Found a metallic blue potion.
There is a stone staircase leading up here.
You hit the orc but do no damage. The orc hits you with a falchion.
* * * LOW HITPOINT WARNING * * *
The gnoll moves out of view. 2 gnolls come into view.
The gnoll shouts! x2
The gnoll moves out of view.
You block the orc's attack.
You climb upwards.
There is a stone staircase leading down here.
You hit the orc. You headbutt the orc.
You kill the orc!
Unknown command.
Things that are here:
a falchion; a scale mail; an orc corpse The orc wizard casts a spell.
The orc wizard blinks!
The orc wizard gestures at you while chanting.
The magic dart hits you!
You die...

##### ########### ....#
#.o().....#
....#########.#######.#
....'....))....o>#
#[####
....#########.##)#
#....# ##### #.##o#
####.# #)##.#####...#
##### #.##@....#.###
....# #.######.#...#
....# ####'## #.###.#
....# #.....# #.# #.#
....## #.....# #.# #.#
.....# #..%..# #.# #.#
.....# ####.######.#
#.# .....## #........#
#.# ......# #.########
#.#


You could see an orc wizard and an orc.

Vanquished Creatures
  A sky beast (D:3)
  The ghost of Huymann the Magician, a weakling HEWz (D:3)
  3 orc priests (D:3)
  4 orc wizards (D:3)
  Natasha (D:3)
  Ijyb (D:3)
  Jessica (D:3)
  Terence (D:2)
  3 adders
  3 gnolls (D:3)
  3 worms (D:3)
  A giant mite (D:1)
  3 giant geckos (D:3)
  An ooze (D:3)
  11 orcs (D:3)
  10 bats
  7 giant cockroaches
  8 hobgoblins
  2 jackals (D:3)
  2 ball pythons
  6 giant newts
  4 goblins
  14 kobolds
  8 rats
  2 bushes (D:3)
  2 plants (D:3)
103 creatures vanquished.

Notes
Turn   | Place    | Note
--------------------------------------------------------------
     0 | D:1      | Heini, the Minotaur Fighter, began the quest for the Orb.
     0 | D:1      | Reached XP level 1. HP: 19/19 MP: 1/1
    20 | D:1      | Reached skill level 4 in Fighting
    20 | D:1      | Reached XP level 2. HP: 25/27 MP: 1/1
   212 | D:1      | Reached XP level 3. HP: 27/34 MP: 2/2
   620 | D:2      | Noticed Terence
   627 | D:2      | Killed Terence
   835 | D:3      | Reached skill level 5 in Fighting
   873 | D:3      | Reached XP level 4. HP: 38/42 MP: 2/2
  1041 | D:3      | Noticed Huymann's ghost (weakling HEWz)
  1048 | D:3      | Killed Huymann's ghost
  1151 | D:3      | Noticed a sky beast
  1163 | D:3      | Killed a sky beast
  1163 | D:3      | Reached skill level 6 in Fighting
  1163 | D:3      | Reached XP level 5. HP: 18/50 MP: 2/2
  1279 | D:3      | Reached skill level 5 in Armour
  1412 | D:3      | Reached XP level 6. HP: 46/57 MP: 3/3
  1523 | D:3      | Reached skill level 5 in Maces & Flails
  1804 | D:3      | Noticed Ijyb
  1816 | D:3      | Killed Ijyb
  2031 | D:3      | Noticed Jessica
  2034 | D:3      | Noticed Natasha
  2044 | D:3      | Killed Natasha
  2051 | D:3      | Killed Jessica
  2161 | D:3      | Reached XP level 7. HP: 52/64 MP: 3/3
  2170 | D:3      | Reached skill level 7 in Fighting
  2177 | D:3      | Gained mutation: Your magical capacity is low (-10% MP). [potion of mutation]
  2177 | D:3      | Gained mutation: Your body is slowly deteriorating. [potion of mutation]
  2177 | D:3      | Gained mutation: Your spells are a little harder to cast, but a little more powerful. [potion of mutation]
  2193 | D:3      | Killed from afar by an orc wizard

Action                   |  1- 3 |  4- 6 |  7- 9 || total
-------------------------+-------+-------+-------++-------
Melee: Flail             |   109 |   239 |    16 ||   364
  Use: Scroll            |     4 |     2 |       ||     6
       Potion            |       |       |     1 ||     1
  Eat: Chunk             |       |     5 |       ||     5
